 Dungeon Crawl Stone Soup version 0.17-a0-702-gb3a3556 (webtiles) character file.

569 oplop the Skirmisher (level 7, 0/56 HPs)
             Began as a Demonspawn Berserker on Apr 19, 2015.
             Was a Priest of Trog.
             Killed from afar by an orc wizard (10 damage)
             ... with a magic dart
             ... on level 5 of the Dungeon.
             The game lasted 00:06:18 (4692 turns).

oplop the Skirmisher (Demonspawn Berserker)         Turns: 4692, Time: 00:06:18

Health: 0/56       AC:  4    Str: 17    XL:     7   Next: 11%
Magic:  7/7        EV: 14    Int:  8    God:    Trog [***...]
Gold:   124        SH:  0    Dex: 15    Spells: 0 memorised, 6 levels left

rFire  . . .     SeeInvis +       - Unarmed
rCold  . . .     Clarity  .     b - +0 animal skin
rNeg   . . .     SustAb   .     (no shield)
rPois  .         Gourm    .     (helmet restricted)
rElec  .         Spirit   .     (no cloak)
rCorr  .         Warding  .     v - +0 pair of gloves
rMut   .         Stasis   .     (no boots)
MR     ++...                    (no amulet)
Stlth  +.........               (no ring)
                                (no ring)

@: exhausted, regenerating, slowed, very slow, very resistant to hostile
enchantments, very unstealthy
A: horns 2, molten scales 1, see invisible, high mp 1, sense surroundings 1,
powered by death 1, rot immunity
a: Burn Spellbooks, Berserk, Trog's Hand, Renounce Religion


You were on level 5 of the Dungeon.
You worshipped Trog.
Trog was most pleased with you.
You were hungry.

You visited 1 branch of the dungeon, and saw 5 of its levels.

You collected 124 gold pieces.

Inventory:

Armour
 b - a +0 animal skin (worn)
 v - a +0 pair of gloves (worn)
Jewellery
 g - an uncursed ring of poison resistance {unknown}
Scrolls
 e - 4 scrolls of identify {unknown}
 i - a scroll of immolation {unknown}
 j - 2 scrolls of magic mapping {unknown}
 k - 2 scrolls of enchant weapon {unknown}
 l - 4 scrolls of remove curse {unknown}
 m - 3 scrolls of enchant armour {unknown}
 n - a scroll of noise {unknown}
 p - a scroll of fog {unknown}
 t - a scroll of blinking {unknown}
 y - a scroll of fear {unknown}
Potions
 f - a potion of resistance {unknown}
 h - a potion of berserk rage {unknown}
 o - a potion of poison {unknown}
 r - a potion of invisibility {unknown}
 u - a potion of haste {unknown}
 w - a potion of agility {unknown}
 x - a potion of ambrosia {unknown}
Comestibles
 a - 4 bread rations
 d - 3 meat rations


   Skills:
 + Level 5.4 Fighting
 - Level 1.7 Armour
 + Level 4.3 Dodging
 + Level 4.6 Unarmed Combat


You had 6 spell levels left.
You didn't know any spells.

Dungeon Overview and Level Annotations

Branches:
Dungeon (5/15)
 Temple: D:4-7

Altars:
Trog


Innate Abilities, Weirdness & Mutations

You have a pair of horns on your head.
You are partially covered in molten scales (AC +1).
You can steal the life force of nearby defeated enemies.
You are immune to rotting.
You have supernaturally acute eyesight.
You have an increased reservoir of magic (+10% MP).
You passively map a small area around you.


Message History

* * * LOW HITPOINT WARNING * * *
The orc wizard closely misses you.
The orc wizard hits you but does no damage.
The orc hits you with a club.
* * * LOW HITPOINT WARNING * * *
The orc closely misses you.
Unknown command.
Unknown command.
Drink which item? (? for menu, Esc to quit)
You feel better. The orc wizard hits you with a dagger.
* * * LOW HITPOINT WARNING * * *
The orc hits you.
* * * LOW HITPOINT WARNING * * *
The orc wizard hits you with a dagger.
* * * LOW HITPOINT WARNING * * *
The orc barely misses you. The orc wizard hits you with a dagger.
* * * LOW HITPOINT WARNING * * *
The orc wizard casts a spell at you. The magic dart hits you!
You die...

, , ,
* * *
, ,,
, ,
####
,
#..#,
,, ,
#o@#
#o.#
,
#oo#
*
#.##
*
,#..
* * ,
####*
, ,*
* * ,
, , ,
,


You could see 2 orc wizards and 2 orcs.

Vanquished Creatures
  Grinder (D:3)
  A centaur (D:4)
  A scorpion (D:4)
  Terence (D:3)
  An orc wizard (D:5)
  3 gnolls (D:3)
  8 adders
  An ooze (D:4)
  3 worms
  2 giant geckos
  An orc (D:3)
  2 ball pythons
  A bat zombie (D:3)
  3 giant cockroaches
  10 hobgoblins
  8 jackals
  10 kobolds
  3 quokkas
  9 bats
  3 giant newts
  11 goblins
  7 rats
90 creatures vanquished.

Notes
Turn   | Place    | Note
--------------------------------------------------------------
     0 | D:1      | oplop, the Demonspawn Berserker, began the quest for the Orb.
     0 | D:1      | Reached XP level 1. HP: 18/18 MP: 1/1
   585 | D:1      | Gained mutation: You have a pair of small horns on your head. [demonic ancestry]
   585 | D:1      | Reached XP level 2. HP: 24/24 MP: 2/2
   941 | D:2      | Found a bloodstained altar of Trog.
  1119 | D:2      | Gained mutation: You are partially covered in molten scales (AC +1). [demonic ancestry]
  1119 | D:2      | Reached XP level 3. HP: 29/29 MP: 3/3
  1120 | D:2      | Acquired Trog's second power
  1376 | D:2      | Gained mutation: You are immune to rotting. [demonic ancestry]
  1376 | D:2      | Reached XP level 4. HP: 3/36 MP: 4/4
  1378 | D:2      | HP: 1/36 [poisoned by an adder]
  1738 | D:2      | Reached skill level 4 in Fighting
  2125 | D:3      | Noticed Grinder
  2145 | D:3      | HP: 1/55 [Grinder (2)]
  2150 | D:3      | Killed Grinder
  2150 | D:3      | Reached XP level 5. HP: 2/43 MP: 5/5
  2150 | D:3      | Gained mutation: You have a pair of horns on your head. [demonic ancestry]
  2150 | D:3      | Reached XP level 6. HP: 2/50 MP: 6/6
  2994 | D:3      | Reached skill level 5 in Fighting
  3173 | D:3      | Noticed Terence
  3182 | D:3      | Killed Terence
  3962 | D:4      | Gained mutation: You can steal the life force of nearby defeated enemies. [demonic ancestry]
  3962 | D:4      | Reached XP level 7. HP: 40/56 MP: 7/7
  4663 | D:5      | Entered Level 5 of the Dungeon
  4671 | D:5      | Gained mutation: You passively map a small area around you. [potion of mutation]
  4671 | D:5      | Gained mutation: You have an increased reservoir of magic (+10% MP). [potion of mutation]
  4671 | D:5      | Gained mutation: You have supernaturally acute eyesight. [potion of mutation]
  4688 | D:5      | HP: 2/56 [orc wizard/dagger (1)]
  4692 | D:5      | Killed from afar by an orc wizard

Action                   |  1- 3 |  4- 6 |  7- 9 || total
-------------------------+-------+-------+-------++-------
Melee: Unarmed           |   109 |   168 |    29 ||   306
Invok: Berserk           |     4 |     3 |     1 ||     8
       Trog's Hand       |     2 |     2 |     1 ||     5
  Use: Potion            |       |       |     3 ||     3
 Stab: Sleeping          |     1 |       |       ||     1
  Eat: Chunk             |     4 |     7 |     3 ||    14
       Beef jerky        |       |     1 |       ||     1
       Bread ration      |       |     1 |       ||     1
